 Dungeon Sprint DCSS version 0.23-a0-635-g88ca12a (webtiles) character file.

422 Lanoc the Grappler (level 6, -5/61 HPs)
             Began as a Ghoul Monk on Dec 27, 2018.
             Was the Champion of Jiyva.
             Slain by a freezing wraith (6 damage)
             ... in the Dungeon (Sprint VII: "The Pits").
             The game lasted 00:03:01 (428 turns).

Lanoc the Grappler (Ghoul Monk)                      Turns: 428, Time: 00:03:02

Health: -5/61      AC:  9    Str: 16    XL:     6   Next: 95%
Magic:  5/5        EV: 13    Int:  6    God:    Jiyva [******]
Gold:   0          SH:  0    Dex: 11    Spells: 5/5 levels left

rFire    . . .     SeeInvis .     - Unarmed
rCold    + . .     Gourm    .   (no shield)
rNeg     + + +     Faith    .   n - +3 ring mail
rPois    ∞         Spirit   .   (no helmet)
rElec    .         Reflect  .   (no cloak)
rCorr    +         Harm     .   (no gloves)
MR       .....     NoTele   +   (no boots)
Stlth    +.........             (no amulet)
HPRegen  0.00/turn              (no ring)
MPRegen  0.09/turn              (no ring)

@: very slightly contaminated, rotting, slowed, invisible, very slow
A: rotting body, claws 1, carnivore, cold resistance 1, negative energy
resistance 3, inhibited regeneration, torment resistance, unbreathing
a: Request Jelly, Slimify, Cure Bad Mutation, Renounce Religion


You were in the Dungeon.
You worshipped Jiyva.
Jiyva was exalted by your worship.
You were not hungry.

You visited 1 branch

Inventory:

Armour
 n - a +3 ring mail (worn)
Scrolls
 h - a scroll of blinking
 j - 3 scrolls of remove curse
 k - 5 scrolls of amnesia
 l - a scroll of summoning
Potions
 c - 6 potions of curing
 e - a potion of haste
 f - 4 potions of magic
 g - 3 potions of berserk rage
 i - a potion of invisibility
Comestibles
 b - 9 rations


   Skills:
 + Level 7.8 Fighting
 + Level 5.7 Armour
 + Level 6.4 Dodging
 - Level 2.1 Stealth
 * Level 10.4 Unarmed Combat


You had 5 spell levels left.
You didn't know any spells.
Your spell library was empty.

Dungeon Overview and Level Annotations

Branches:
Dungeon (1/1)

Altars:
Cheibriados
Dithmenos
Elyvilon
Fedhas
Gozag
Hepliaklqana
Makhleb
Nemelex Xobeh
Okawaru
Qazlal
Ru
Sif Muna
Trog
Vehumet
Wu Jian
Xom
Yredelemnul
Zin
The Shining One
Beogh
Jiyva
Lugonu


Innate Abilities, Weirdness & Mutations

Your body is rotting away.
You thrive on raw meat.
You are immune to poison.
You have sharp fingernails.
You are carnivorous and can eat meat at any time.
Your flesh is cold resistant. (rC+)
You are immune to negative energy. (rN+++)
You do not regenerate when monsters are visible.
You are immune to unholy pain and torment.
You can survive without breathing.


Message History

* * * LOW HITPOINT WARNING * * *
The freezing wraith barely misses you.
You feel much better. The freezing wraith misses you.
The freezing wraith hits you!
You fade into invisibility!
The freezing wraith barely misses you. x2; The freezing wraith hits you!
The freezing wraith freezes you! You resist.
* * * LOW HITPOINT WARNING * * *
The freezing wraith hits you!
* * * LOW HITPOINT WARNING * * *
You are very lightly contaminated with residual magic.
You mangle the freezing wraith!!
The freezing wraith is severely damaged.
The freezing wraith closely misses you. The freezing wraith misses you.
You scratch the freezing wraith.
The freezing wraith is almost destroyed.
The freezing wraith hits you.
* * * LOW HITPOINT WARNING * * *
The freezing wraith freezes you. You resist.
You die...

#.#........##.......#
#'###########.......#
#..JG...# #########
#.J#.#..# #.##.##.#
#.......#+#
#.##.##.#.+
#..#.#..#W#
#.......'@#
###########


You could see a freezing wraith.

Vanquished Creatures
  A black bear (D)
  An orc (D)
  A giant cockroach (D)
  A hobgoblin (D)
  A rat (D)
5 creatures vanquished.

Vanquished Creatures (collateral kills)
  A deep elf mage (D)
  Prince Ribbit (D)
  An iron imp (D)
  A mummy (D)
  An adder (D)
  A bat (D)
  A frilled lizard (D)
7 creatures vanquished.

Vanquished Creatures (others)
  2 jellies (D)
2 creatures vanquished.

Grand Total: 14 creatures vanquished

Notes
Turn   | Place    | Note
-------+----------+-------------------------------------------
     0 | D        | Lanoc the Ghoul Monk began the quest for the Orb.
     0 | D        | Reached XP level 1. HP: 19/19 MP: 0/0
    19 | D        | Found a bloodstained altar of Trog.
    19 | D        | Found a deep blue altar of Sif Muna.
    19 | D        | Found a viscous altar of Jiyva.
    19 | D        | Found a hazy altar of Hepliaklqana.
    19 | D        | Found an opulent altar of Gozag.
    20 | D        | Found a glowing golden altar of the Shining One.
    20 | D        | Found a glowing silver altar of Zin.
    20 | D        | Found a basalt altar of Yredelemnul.
    20 | D        | Found a shimmering altar of Xom.
    20 | D        | Found an ornate altar of the Wu Jian Council.
    20 | D        | Found a sacrificial altar of Ru.
    20 | D        | Found a stormy altar of Qazlal.
    20 | D        | Found an iron altar of Okawaru.
    20 | D        | Found a sparkling altar of Nemelex Xobeh.
    20 | D        | Found a burning altar of Makhleb.
    20 | D        | Found a blossoming altar of Fedhas.
    20 | D        | Found a white marble altar of Elyvilon.
    20 | D        | Found a shadowy altar of Dithmenos.
    20 | D        | Found a snail-covered altar of Cheibriados.
    23 | D        | Found a roughly hewn altar of Beogh.
    23 | D        | Found a corrupted altar of Lugonu.
    23 | D        | Found a radiant altar of Vehumet.
    24 | D        | Became a worshipper of Jiyva Joyz the Shapeless
    24 | D        | Reached * piety under Jiyva
    24 | D        | Reached ** piety under Jiyva
    34 | D        | Reached *** piety under Jiyva
    37 | D        | Reached **** piety under Jiyva
    38 | D        | Reached ***** piety under Jiyva
    46 | D        | Reached ****** piety under Jiyva
    54 | D        | Noticed a floating eye
    62 | D        | Noticed a floating eye
    69 | D        | Noticed a floating eye
    69 | D        | Noticed an iron imp
    72 | D        | Reached skill level 1 in Armour
    72 | D        | Reached skill level 4 in Unarmed Combat
    76 | D        | Killed an iron imp
    76 | D        | Reached skill level 5 in Unarmed Combat
    76 | D        | Reached XP level 2. HP: 17/27 MP: 1/1
    77 | D        | Reached XP level 3. HP: 18/34 MP: 2/2
   148 | D        | Noticed a deep elf mage
   151 | D        | Noticed a floating eye
   158 | D        | Noticed Prince Ribbit
   158 | D        | HP: 1/34 [deep elf mage/bolt of lightning (23)]
   161 | D        | Killed a deep elf mage
   161 | D        | Reached skill level 5 in Dodging
   161 | D        | Reached skill level 9 in Unarmed Combat
   161 | D        | Reached XP level 4. HP: 2/45 MP: 3/3
   161 | D        | Reached XP level 5. HP: 2/51 MP: 4/4
   161 | D        | Reached XP level 6. HP: 2/58 MP: 5/5
   168 | D        | Killed Prince Ribbit
   168 | D        | Reached skill level 5 in Armour
   395 | D        | Noticed a black bear
   397 | D        | Killed a black bear
   397 | D        | Reached skill level 10 in Unarmed Combat
   400 | D        | Noticed a freezing wraith
   410 | D        | HP: 3/61 [freezing wraith (7)]
   426 | D        | HP: 2/61 [freezing wraith (11)]
   428 | D        | Slain by a freezing wraith

Vault maps used:
D:        pitsprint

Skill      XL: |  1  2  3  4  5  6 |
---------------+-------------------+-----
Armour         | 1 2 4 5 |  5.7
Dodging        | 3 5 6 |  6.4
Unarmed Combat | 5 9 10 | 10.4
Fighting       | 4 6 7 |  7.8
Stealth        | |  2.1

Action                   |  1- 3 |  4- 6 || total
-------------------------+-------+-------++-------
Melee: Unarmed           |    17 |    23 ||    40
       Punch             |     1 |     1 ||     2
  Use: Potion            |       |     7 ||     7
  Eat: Chunk             |       |     1 ||     1
Armor: Robe              |     2 |       ||     2
       Ring mail         |       |    14 ||    14
Dodge: Dodged            |     9 |    35 ||    44

Table legend:
 A = Non-vault XP
 B = Vault XP
 C = Vault XP percentage of total XP
 D = Non-vault monster count
 E = Vault monster count
 F = Vault count percentage of total count
                 A         B        C        D         E       F
            +---------+---------+-------+---------+---------+-------
      Total |       0 |     604 | 100.0 |       0 |      12 | 100.0
            +---------+---------+-------+---------+---------+-------
          D |       0 |     604 | 100.0 |       0 |      12 | 100.0
            +---------+---------+-------+---------+---------+-------
